 Dungeon Crawl Stone Soup version 0.19-a0-1932-g59670f6 (webtiles) character file.

37 spe3d0 the Shield-Bearer (level 3, 0/31 HPs)
             Began as a Minotaur Fighter on Oct 26, 2016.
             Slain by a gnoll
             ... wielding a +1 halberd of venom
              (9 damage)
             ... on level 2 of the Dungeon.
             The game lasted 00:01:07 (405 turns).

spe3d0 the Shield-Bearer (Minotaur Fighter)          Turns: 405, Time: 00:01:08

Health: 0/31       AC:  7    Str: 20    XL:     3   Next: 21%
Magic:  2/2        EV:  7    Int:  5    God:
Gold:   33         SH:  9    Dex: 10    Spells: 0 memorised, 2 levels left

rFire  . . .     SeeInvis .     l - +0 whip
rCold  . . .     Gourm    .     b - +0 scale mail
rNeg   . . .     Faith    .     c - +0 shield
rPois  .         Spirit   .     (helmet restricted)
rElec  .         Reflect  .     (no cloak)
rCorr  .         Harm     .     (no gloves)
MR     .....                    (no boots)
Stlth  ..........               (no amulet)
                                (no ring)
                                (no ring)

@: lethally poisoned (0 -> -9)
A: retaliatory headbutt, horns 2
a: no special abilities


You were on level 2 of the Dungeon.
You were not hungry.

You visited 1 branch of the dungeon, and saw 2 of its levels.

You collected 33 gold pieces.


Innate Abilities, Weirdness & Mutations

You reflexively headbutt those who attack you in melee.
You have a pair of horns on your head.


   Skills:
 - Level 3.6 Fighting
 * Level 3.4 Maces & Flails
 * Level 4.1 Armour
 * Level 4.2 Shields


You had 2 spell levels left.
You didn't know any spells.

Inventory:

Hand Weapons
 a - a +0 flail
 l - a +0 whip (weapon)
Armour
 b - a +0 scale mail (worn)
 c - a +0 shield (worn)
Scrolls
 i - a scroll of blinking {unknown}
 k - a scroll of remove curse {unknown}
 n - a scroll of enchant armour {unknown}
Potions
 d - a potion of might
 e - a potion of cancellation {unknown}
 m - a potion of curing {unknown}
Comestibles
 f - a bread ration {@e1}
 g - a beef jerky {@e2}
 h - 5 chunks of flesh
 j - a meat ration {@e1}

Dungeon Overview and Level Annotations

Branches:
Dungeon (2/15)

Altars:

#. #. #.. #.. ###
#... ...
###...#####.# .
..!..g......#..$.
.......@.<.......
.....g)J....#....
#.#...#.###.# .
#...#l# ... ....
..# #.# #.#...#.#
... # #...#.# ###
... ...


You could see 2 gnolls, an ooze and a leopard gecko.


Message History

There is a lethal amount of poison in your body!
You are too injured to fight recklessly!
There is a lethal amount of poison in your body!
You are too injured to fight recklessly!
There is a lethal amount of poison in your body!
Unknown command.
There is a lethal amount of poison in your body!
You hit the gnoll.
The gnoll is heavily wounded.
* * * LOW HITPOINT WARNING * * *
You feel sick. The gnoll barely misses you. x2
The gnoll hits you but does no damage.
You whack the gnoll!
You kill the gnoll!
You have reached level 3!
Your experience leads to an increase in your attributes!
Increase (S)trength, (I)ntelligence, or (D)exterity?
You feel agile.
* * * LOW HITPOINT WARNING * * *
You feel sick. The ooze hits you but does no damage.
You block the gnoll's attack.
The gnoll hits you from afar with a spear.
* * * LOW HITPOINT WARNING * * *
Some of the chunks of flesh in your inventory have rotted away.
You hit the ooze.
The ooze is moderately wounded.
* * * LOW HITPOINT WARNING * * *
You feel sick. The ooze hits you but does no damage.
The gnoll hits you from afar with a halberd of venom!
You die...

Skill      XL: |  1  2 |
---------------+-------+-----
Maces & Flails | 3 |  3.4
Armour         | 4 |  4.1
Shields        | 4 |  4.2
Fighting       | |  3.6

Action                   || total
-------------------------++-------
Melee: Flail             ||     8
       Headbutt          ||     5
       Whip              ||    24
Armor: Scale mail        ||    13
Dodge: Dodged            ||     9
Block: Shield            ||    15

Vault maps used:
D:1:      dpeg_arrival_connections
D:2:      cheibriados_altar_1, lightli_temple_of_fire, lemuel_doored_altar,
          serial_bayou_pond_c, hangedman_feature_mirror,
          kennysheep_decorative_pillar, st_stairs_9, uniq_jessica

Notes
Turn   | Place    | Note
-------+----------+-------------------------------------------
     0 | D:1      | spe3d0 the Minotaur Fighter began the quest for the Orb.
     0 | D:1      | Reached XP level 1. HP: 19/19 MP: 0/0
   125 | D:1      | Reached XP level 2. HP: 26/26 MP: 1/1
   226 | D:1      | Reached skill level 3 in Maces & Flails
   402 | D:2      | Reached skill level 4 in Armour
   402 | D:2      | Reached skill level 4 in Shields
   404 | D:2      | Reached XP level 3. HP: 13/31 MP: 2/2
   405 | D:2      | Slain by a gnoll

Vanquished Creatures
  2 gnolls (D:2)
  2 leopard geckos (D:1)
  A bat (D:1)
  2 giant cockroaches (D:1)
  A goblin (D:1)
  2 hobgoblins (D:1)
  3 frilled lizards (D:1)
  2 kobolds (D:1)
  A rat (D:1)
16 creatures vanquished.
